Kings vs Oilers

Created - November-25-12 at 14:27

Goals
1 2 3 T
Kings 0 0 1 1
Oilers 0 1 1 2
Shots
1 2 3 T
Kings 3 3 4 10
Oilers 6 5 7 18

1st period

No Goal

Penalties :
Jamie McBain (LOS) for Hooking (Minor) at 11:39

2nd period

1. Oilers , Jakub Voracek 6 (Tomas Holmstrom, Jan Hejda) at 9:56

Penalties :
Jonathon Blum (LOS) for Tripping (Minor) at 3:13, Nate Guenin (EDM) for Roughing (Minor) at 12:57, Chris Phillips (EDM) for Fighting (Major) at 16:02, Michael Frolik (LOS) for Fighting (Major) at 16:02

3rd period

2. Oilers , Jason Pominville 14 (Erik Gustafsson) at 7:40
3. Kings , Devante Smith-Pelly 2 (Jonathon Blum, Ryan Johansen) at 11:04

Penalties :
No Penalty

Goalie Stats

Jonathan Quick (LOS), 16 saves from 18 shots - (0.889), L, 10-8-0, 59:10 minutes
Kari Lehtonen (EDM), 9 saves from 10 shots - (0.900), W, 17-5-2, 60:00 minutes

Players Stats for Kings

Player Name              G  A  P  +/- PIM S  H  SB GA TA FO     MP     PP MP  PK MP  
------------------------------------------------------------------------------------
Brian Boyle              0  0  0   0  0   2  3  0  0  0  7/13   20:02   0:34   2:01 
Devante Smith-Pelly      1  0  1  -1  0   2  4  0  0  0  0/2    16:54   0:34   0:00 
Erik Condra              0  0  0   0  0   1  0  0  0  0  0/1    16:29   0:51   1:01 
Jamie McBain             0  0  0  -1  2   0  0  1  0  0  0/0    16:52   0:00   0:00 
Jarret Stoll             0  0  0   0  0   1  2  0  0  0  9/15   23:08   0:51   1:50 
Joe Corvo                0  0  0   0  0   0  0  1  0  0  0/0    19:33   0:46   2:10 
Jonathon Blum            0  1  1  -1  2   0  4  0  0  0  0/0    16:53   0:00   0:01 
Justin Faulk             0  0  0   0  0   0  3  1  0  0  0/0    18:19   1:13   1:48 
Luke Adam                0  0  0   0  0   0  0  0  0  0  1/3     8:33   0:00   1:12 
Matt Duchene             0  0  0   0  0   0  0  0  0  0  0/0    18:57   0:34   0:56 
Matt Hendricks           0  0  0   0  0   1  2  0  0  0  1/1     6:02   0:00   0:00 
Matt Taormina            0  0  0   0  0   0  0  0  0  0  0/0     6:07   0:00   0:00 
Michael Frolik           0  0  0   0  5   0  0  0  0  0  0/1    16:31   0:34   0:00 
Ryan Johansen            0  1  1  -1  0   2  1  0  0  0  4/8    16:54   0:34   0:00 
Sean Bergenheim          0  0  0   0  0   1  0  0  0  0  0/0    16:01   0:51   0:56 
Sergei Gonchar           0  0  0   0  0   0  1  5  0  0  0/0    23:34   1:13   1:48 
Vyacheslav Voynov        0  0  0   0  0   0  1  2  0  0  0/0    18:40   0:46   2:09 
Wojtek Wolski            0  0  0  -1  0   0  4  0  0  0  0/1    16:30   0:34   0:00 

Players Stats for Oilers

Player Name              G  A  P  +/- PIM S  H  SB GA TA FO     MP     PP MP  PK MP  
------------------------------------------------------------------------------------
Adam Burish              0  0  0   0  0   0  3  0  0  0  5/10   14:54   0:00   1:19 
Chris Phillips           0  0  0   0  5   0  3  1  0  0  0/0    20:23   1:45   1:21 
Dany Heatley             0  0  0   1  0   1  4  0  0  0  0/1    20:12   1:33   0:00 
Derek Roy                0  0  0   1  0   1  4  0  0  0  6/15   22:29   1:33   0:40 
Dustin Jeffrey           0  0  0   0  0   0  0  0  0  0  4/6     6:46   0:00   0:00 
Erik Gustafsson          0  1  1   0  0   0  0  0  0  0  0/0    19:54   1:45   0:59 
Jakub Voracek            1  0  1   0  0   3  2  0  0  0  0/2    18:32   2:25   0:00 
Jan Hejda                0  1  1   1  0   1  0  0  0  0  0/0    19:55   2:08   0:32 
Jason Pominville         1  0  1   1  0   2  0  0  0  0  0/0    20:20   1:33   0:40 
Jed Ortmeyer             0  0  0   0  0   1  0  0  0  0  0/0     6:46   0:00   0:00 
Jeff Schultz             0  0  0   1  0   0  0  0  0  0  0/0    19:36   0:00   0:26 
Jochen Hecht             0  0  0   0  0   2  0  0  0  0  7/10   18:32   2:25   0:00 
Lennart Petrell          0  0  0   0  0   0  1  0  0  0  0/0     6:46   0:00   0:00 
Nate Guenin              0  0  0   0  2   2  3  0  0  0  0/0    18:27   1:40   0:00 
Radek Dvorak             0  0  0   0  0   4  0  0  0  0  1/1    13:03   0:00   0:00 
Ruslan Fedotenko         0  0  0   0  0   0  0  0  0  0  0/0    14:22   0:00   1:19 
Sean ODonnell            0  0  0   0  0   0  0  0  0  0  0/0    18:30   0:38   0:40 
Tomas Holmstrom          0  1  1   0  0   1  0  0  0  0  0/0    18:32   2:25   0:00 

3 Stars

1 - Jakub Voracek (EDM)
2 - Devante Smith-Pelly (LOS)
3 - Jason Pominville (EDM)

Power Play

Kings - 0 on 1 Attempt(s) - 0.00%
Oilers - 0 on 2 Attempt(s) - 0.00%

Penalty Kill

Kings - 2 on 2 Attempt(s) - 100.00% - Score 0 goal in Penalty Kill
Oilers - 1 on 1 Attempt(s) - 100.00% - Score 0 goal in Penalty Kill

Official

Referees : Ghislain Hebert and Mark Lemelin
Linesman : Brad Kovachik and Derek Amell

Game Notes

Michael Frolik beats up Chris Phillips at 16:02 of 2nd period

Finance

Level 1 -- Attendance: 2951 (45.40%) -- Ticket Income $737,750
Level 2 -- Attendance: 2541 (50.82%) -- Ticket Income $381,150
Level 3 -- Attendance: 3197 (91.34%) -- Ticket Income $255,760
Level 4 -- Attendance: 839 (100.00%) -- Ticket Income $50,340
Luxury Box -- Attendance: 494 (49.40%) -- Ticket Income $222,300
Game was played at the Rexall Place
Total Attendance: 10022 (59.52%)
Total Ticket Income: $1,647,300
Other Income: $247,095
Total Income: $1,894,395


% Time on Ice - Kings

Lines # - Real PCT - Wanted PCT - Time Play
Normal Forward
1 - 27% - 40% - 14:14
2 - 33% - 30% - 17:27
3 - 30% - 20% - 15:56
4 - 11% - 10% - 6:02
Normal Defense
1 - 29% - 40% - 15:18
2 - 29% - 30% - 15:45
3 - 31% - 20% - 16:53
4 - 11% - 10% - 5:43
PP Forward
1 - 71% - 60% - 1:25
2 - 29% - 40% - 0:34
PP Defense
1 - 61% - 60% - 1:13
2 - 39% - 40% - 0:46
PK Forward
1 - 76% - 60% - 3:02
2 - 24% - 40% - 0:56
PK Defense
1 - 45% - 60% - 1:48
2 - 55% - 40% - 2:10
PK3 Forward
1 - 0% - 60%
2 - 0% - 40%
PK3 Defense
1 - 0% - 60%
2 - 0% - 40%
44 Forward
1 - 0% - 60%
2 - 0% - 40%
44 Defense
1 - 0% - 60%
2 - 0% - 40%
Last Minute Offensive  - 0:24
Last Minute Defensive  - 0:00
Total
Forward - 60:00
Defense - 60:00

% Time on Ice - Oilers

Lines # - Real PCT - Wanted PCT - Time Play
Normal Forward
1 - 34% - 41% - 18:07
2 - 30% - 32% - 16:07
3 - 24% - 20% - 13:03
4 - 12% - 7% - 6:14
Normal Defense
1 - 33% - 37% - 17:55
2 - 31% - 33% - 16:26
3 - 29% - 23% - 15:34
4 - 7% - 7% - 3:36
PP Forward
1 - 39% - 55% - 1:33
2 - 61% - 45% - 2:25
PP Defense
1 - 44% - 55% - 1:45
2 - 56% - 45% - 2:13
PK Forward
1 - 66% - 59% - 1:19
2 - 34% - 41% - 0:40
PK Defense
1 - 27% - 55% - 0:32
2 - 73% - 45% - 1:27
PK3 Forward
1 - 0% - 55%
2 - 0% - 45%
PK3 Defense
1 - 0% - 60%
2 - 0% - 40%
44 Forward
1 - 0% - 60%
2 - 0% - 40%
44 Defense
1 - 0% - 65%
2 - 0% - 35%
Last Minute Offensive  - 0:00
Last Minute Defensive  - 0:32
Total
Forward - 60:00
Defense - 60:00

Play by Play

1st period


0:01 of 1st period - Jarret Stoll wins face-off versus Dany Heatley in neutral zone.
0:10 of 1st period - Shot by Erik Condra.
0:10 of 1st period - Shot Misses the Net.
0:13 of 1st period - Icing by Chris Phillips.
0:14 of 1st period - Derek Roy wins face-off versus Brian Boyle in Oilers zone.
0:24 of 1st period - Off-side.
0:25 of 1st period - Ryan Johansen wins face-off versus Jochen Hecht in neutral zone.
0:28 of 1st period - Jeff Schultz is hit by Wojtek Wolski and loses puck.
1:32 of 1st period - Shot by Radek Dvorak.
1:32 of 1st period - Shot Misses the Net.
1:34 of 1st period - Shot by Radek Dvorak.
1:34 of 1st period - Stopped by Jonathan Quick without a rebound.
1:35 of 1st period - Brian Boyle wins face-off versus Derek Roy in Kings zone.
2:51 of 1st period - Sean Bergenheim is hit by Lennart Petrell and loses puck.
3:49 of 1st period - Shot by Jochen Hecht.
3:49 of 1st period - Shot Hit the Post.
3:51 of 1st period - Shot by Jochen Hecht.
3:51 of 1st period - Shot Misses the Net.
4:14 of 1st period - Off-side.
4:15 of 1st period - Brian Boyle wins face-off versus Derek Roy in neutral zone.
4:17 of 1st period - Joe Corvo is hit by Derek Roy and loses puck.
4:34 of 1st period - Shot by Jason Pominville.
4:34 of 1st period - Stopped by Jonathan Quick without a rebound.
4:35 of 1st period - Jarret Stoll wins face-off versus Adam Burish in Kings zone.
5:07 of 1st period - Icing by Chris Phillips.
5:08 of 1st period - Adam Burish wins face-off versus Brian Boyle in Oilers zone.
6:04 of 1st period - Shot by Devante Smith-Pelly.
6:04 of 1st period - Shot Misses the Net.
6:14 of 1st period - Shot by Jamie McBain.
6:14 of 1st period - Shot Misses the Net.
6:24 of 1st period - Shot by Wojtek Wolski.
6:24 of 1st period - Shot Misses the Net.
6:26 of 1st period - Shot by Devante Smith-Pelly.
6:26 of 1st period - Stopped by Kari Lehtonen with a rebound.
7:03 of 1st period - Icing by Justin Faulk.
7:04 of 1st period - Jarret Stoll wins face-off versus Jochen Hecht in Kings zone.
8:32 of 1st period - Icing by Sean ODonnell.
8:33 of 1st period - Jochen Hecht wins face-off versus Wojtek Wolski in Oilers zone.
8:33 of 1st period - Jochen Hecht is hit by Devante Smith-Pelly.
9:09 of 1st period - Shot by Devante Smith-Pelly.
9:09 of 1st period - Deflect By Ryan Johansen.
9:09 of 1st period - Shot Misses the Net.
9:51 of 1st period - Shot by Sean Bergenheim.
9:51 of 1st period - Stopped by Kari Lehtonen without a rebound.
9:52 of 1st period - Brian Boyle wins face-off versus Dustin Jeffrey in Oilers zone.
11:37 of 1st period - Icing by Jamie McBain.
11:38 of 1st period - Jochen Hecht wins face-off versus Devante Smith-Pelly in Kings zone.
11:38 of 1st period - Jochen Hecht is hit by Jonathon Blum.
11:39 of 1st period - Minor Penalty to Jamie McBain for Hooking.
11:40 of 1st period - Jochen Hecht wins face-off versus Jarret Stoll in Kings zone.
11:49 of 1st period - Shot by Jochen Hecht.
11:49 of 1st period - Stopped by Jonathan Quick with a rebound.
11:53 of 1st period - Shot by Jakub Voracek.
11:53 of 1st period - Shot Hit the Post.
12:55 of 1st period - Sean Bergenheim is hit by Dany Heatley and loses puck.
13:58 of 1st period - Shot by Adam Burish.
13:58 of 1st period - Shot Misses the Net.
14:02 of 1st period - Shot by Ruslan Fedotenko.
14:02 of 1st period - Shot Misses the Net.
14:04 of 1st period - Shot by Radek Dvorak.
14:04 of 1st period - Stopped by Jonathan Quick without a rebound.
14:05 of 1st period - Dustin Jeffrey wins face-off versus Brian Boyle in Kings zone.
15:12 of 1st period - Shot by Ryan Johansen.
15:12 of 1st period - Stopped by Kari Lehtonen without a rebound.
15:13 of 1st period - Jarret Stoll wins face-off versus Jochen Hecht in Oilers zone.
16:29 of 1st period - Shot by Dany Heatley.
16:29 of 1st period - Shot Misses the Net.
16:45 of 1st period - Shot by Derek Roy.
16:45 of 1st period - Stopped by Jonathan Quick with a rebound.
17:20 of 1st period - Ruslan Fedotenko is hit by Jonathon Blum and loses puck.
18:19 of 1st period - Shot by Jakub Voracek.
18:19 of 1st period - Stopped by Jonathan Quick without a rebound.
18:20 of 1st period - Luke Adam wins face-off versus Derek Roy in Kings zone.
18:20 of 1st period - Luke Adam is hit by Derek Roy.
18:37 of 1st period - Jarret Stoll is hit by Chris Phillips and loses puck.
19:46 of 1st period - Icing by Jakub Voracek.
19:47 of 1st period - Jochen Hecht wins face-off versus Devante Smith-Pelly in Oilers zone.
19:47 of 1st period - Jochen Hecht is hit by Wojtek Wolski.

2nd period


0:01 of 2nd period - Jarret Stoll wins face-off versus Derek Roy in neutral zone.
0:01 of 2nd period - Jarret Stoll is hit by Derek Roy.
0:04 of 2nd period - Sergei Gonchar is hit by Chris Phillips and loses puck.
0:13 of 2nd period - Shot by Erik Condra.
0:13 of 2nd period - Stopped by Kari Lehtonen without a rebound.
0:14 of 2nd period - Brian Boyle wins face-off versus Jakub Voracek in Oilers zone.
0:24 of 2nd period - Off-side.
0:25 of 2nd period - Derek Roy wins face-off versus Jarret Stoll in neutral zone.
1:43 of 2nd period - Icing by Erik Condra.
1:44 of 2nd period - Jarret Stoll wins face-off versus Adam Burish in Kings zone.
2:17 of 2nd period - Shot by Matt Duchene.
2:17 of 2nd period - Shot Misses the Net.
3:13 of 2nd period - Minor Penalty to Jonathon Blum for Tripping.
3:14 of 2nd period - Jarret Stoll wins face-off versus Jakub Voracek in Kings zone.
4:39 of 2nd period - Erik Condra is hit by Derek Roy and loses puck.
5:04 of 2nd period - Shot by Erik Gustafsson.
5:04 of 2nd period - Shot Misses the Net.
5:06 of 2nd period - Shot by Jochen Hecht.
5:06 of 2nd period - Deflect By Jakub Voracek.
5:06 of 2nd period - Shot Blocked by Sergei Gonchar.
5:22 of 2nd period - Jan Hejda is hit by Wojtek Wolski and loses puck.
5:41 of 2nd period - Ruslan Fedotenko is hit by Ryan Johansen and loses puck.
5:48 of 2nd period - Radek Dvorak is hit by Wojtek Wolski and loses puck.
5:57 of 2nd period - Jonathon Blum is hit by Adam Burish and loses puck.
6:19 of 2nd period - Icing by Matt Taormina.
6:20 of 2nd period - Derek Roy wins face-off versus Brian Boyle in Kings zone.
7:15 of 2nd period - Off-side.
7:16 of 2nd period - Adam Burish wins face-off versus Erik Condra in neutral zone.
7:19 of 2nd period - Sean Bergenheim is hit by Adam Burish and loses puck.
7:28 of 2nd period - Shot by Radek Dvorak.
7:28 of 2nd period - Shot Misses the Net.
7:30 of 2nd period - Shot by Radek Dvorak.
7:30 of 2nd period - Stopped by Jonathan Quick with a rebound.
7:58 of 2nd period - Shot by Jakub Voracek.
7:58 of 2nd period - Shot Misses the Net.
8:16 of 2nd period - Shot by Jakub Voracek.
8:16 of 2nd period - Stopped by Jonathan Quick without a rebound.
8:17 of 2nd period - Ryan Johansen wins face-off versus Derek Roy in Kings zone.
8:17 of 2nd period - Ryan Johansen is hit by Dany Heatley.
8:35 of 2nd period - Shot by Ryan Johansen.
8:35 of 2nd period - Stopped by Kari Lehtonen without a rebound.
8:36 of 2nd period - Jochen Hecht wins face-off versus Brian Boyle in Oilers zone.
8:56 of 2nd period - Shot by Tomas Holmstrom.
8:56 of 2nd period - Shot Misses the Net.
8:58 of 2nd period - Shot by Jakub Voracek.
8:58 of 2nd period - Shot Blocked by Sergei Gonchar.
9:02 of 2nd period - Shot by Jochen Hecht.
9:02 of 2nd period - Stopped by Jonathan Quick without a rebound.
9:03 of 2nd period - Ryan Johansen wins face-off versus Derek Roy in Kings zone.
9:19 of 2nd period - Derek Roy is hit by Devante Smith-Pelly and loses puck.
9:39 of 2nd period - Icing by Jamie McBain.
9:40 of 2nd period - Jochen Hecht wins face-off versus Ryan Johansen in Kings zone.
9:40 of 2nd period - Jakub Voracek is hit by Jonathon Blum.
9:52 of 2nd period - Shot by Tomas Holmstrom.
9:52 of 2nd period - Stopped by Jonathan Quick with a rebound.
9:54 of 2nd period - Shot by Jakub Voracek.
9:54 of 2nd period - Shot Misses the Net.
9:56 of 2nd period - Shot by Jakub Voracek.
9:56 of 2nd period - Goal by Jakub Voracek - Kings : 0 - Oilers : 1.
9:57 of 2nd period - Jarret Stoll wins face-off versus Adam Burish in neutral zone.
9:59 of 2nd period - Sergei Gonchar is hit by Nate Guenin and loses puck.
10:02 of 2nd period - Shot by Sean Bergenheim.
10:02 of 2nd period - Shot Misses the Net.
10:04 of 2nd period - Shot by Jarret Stoll.
10:04 of 2nd period - Shot Misses the Net.
10:28 of 2nd period - Shot by Jarret Stoll.
10:28 of 2nd period - Stopped by Kari Lehtonen without a rebound.
10:29 of 2nd period - Derek Roy wins face-off versus Brian Boyle in Oilers zone.
12:57 of 2nd period - Minor Penalty to Nate Guenin for Roughing.
12:58 of 2nd period - Adam Burish wins face-off versus Jarret Stoll in Oilers zone.
12:58 of 2nd period - Adam Burish is hit by Jarret Stoll.
13:14 of 2nd period - Icing by Sean Bergenheim.
13:15 of 2nd period - Adam Burish wins face-off versus Jarret Stoll in Kings zone.
15:54 of 2nd period - Erik Gustafsson is hit by Brian Boyle and loses puck.
16:02 of 2nd period - Michael Frolik beats up Chris Phillips.
16:02 of 2nd period - Penalty to Chris Phillips for Fighting.
16:02 of 2nd period - Penalty to Michael Frolik for Fighting.
16:03 of 2nd period - Derek Roy wins face-off versus Ryan Johansen in Kings zone.
17:21 of 2nd period - Shot by Brian Boyle.
17:21 of 2nd period - Shot Misses the Net.
17:33 of 2nd period - Matt Duchene is hit by Jakub Voracek and loses puck.
18:45 of 2nd period - Devante Smith-Pelly is hit by Nate Guenin and loses puck.

3rd period


0:01 of 3rd period - Jarret Stoll wins face-off versus Derek Roy in neutral zone.
1:01 of 3rd period - Off-side.
1:02 of 3rd period - Adam Burish wins face-off versus Michael Frolik in neutral zone.
1:26 of 3rd period - Shot by Adam Burish.
1:26 of 3rd period - Shot Blocked by Vyacheslav Voynov.
1:28 of 3rd period - Shot by Ruslan Fedotenko.
1:28 of 3rd period - Deflect By Radek Dvorak.
1:28 of 3rd period - Shot Blocked by Vyacheslav Voynov.
1:36 of 3rd period - Shot by Radek Dvorak.
1:36 of 3rd period - Shot Misses the Net.
2:59 of 3rd period - Shot by Dany Heatley.
2:59 of 3rd period - Shot Blocked by Justin Faulk.
3:01 of 3rd period - Shot by Dany Heatley.
3:01 of 3rd period - Stopped by Jonathan Quick with a rebound.
3:03 of 3rd period - Shot by Chris Phillips.
3:03 of 3rd period - Shot Blocked by Sergei Gonchar.
3:37 of 3rd period - Lennart Petrell is hit by Justin Faulk and loses puck.
4:05 of 3rd period - Icing by Vyacheslav Voynov.
4:06 of 3rd period - Brian Boyle wins face-off versus Adam Burish in Kings zone.
4:08 of 3rd period - Joe Corvo is hit by Adam Burish and loses puck.
4:17 of 3rd period - Shot by Nate Guenin.
4:17 of 3rd period - Stopped by Jonathan Quick with a rebound.
4:19 of 3rd period - Shot by Ruslan Fedotenko.
4:19 of 3rd period - Shot Misses the Net.
4:21 of 3rd period - Shot by Ruslan Fedotenko.
4:21 of 3rd period - Shot Misses the Net.
4:23 of 3rd period - Shot by Radek Dvorak.
4:23 of 3rd period - Deflect By Ruslan Fedotenko.
4:23 of 3rd period - Shot Misses the Net.
4:25 of 3rd period - Shot by Radek Dvorak.
4:25 of 3rd period - Shot Blocked by Joe Corvo.
4:29 of 3rd period - Shot by Radek Dvorak.
4:29 of 3rd period - Stopped by Jonathan Quick without a rebound.
4:30 of 3rd period - Ryan Johansen wins face-off versus Derek Roy in Kings zone.
4:30 of 3rd period - Jonathon Blum is hit by Dany Heatley.
4:50 of 3rd period - Shot by Chris Phillips.
4:50 of 3rd period - Shot Misses the Net.
4:53 of 3rd period - Dany Heatley is hit by Jonathon Blum and loses puck.
5:21 of 3rd period - Off-side.
5:22 of 3rd period - Jochen Hecht wins face-off versus Jarret Stoll in neutral zone.
5:22 of 3rd period - Jakub Voracek is hit by Jarret Stoll.
5:28 of 3rd period - Shot by Jakub Voracek.
5:28 of 3rd period - Shot Misses the Net.
5:33 of 3rd period - Jochen Hecht is hit by Justin Faulk and loses puck.
5:42 of 3rd period - Shot by Jakub Voracek.
5:42 of 3rd period - Shot Hit the Post.
5:44 of 3rd period - Shot by Jan Hejda.
5:44 of 3rd period - Stopped by Jonathan Quick with a rebound.
5:46 of 3rd period - Shot by Jakub Voracek.
5:46 of 3rd period - Shot Misses the Net.
6:13 of 3rd period - Jakub Voracek is hit by Justin Faulk and loses puck.
7:40 of 3rd period - Shot by Jason Pominville.
7:40 of 3rd period - Goal by Jason Pominville - Kings : 0 - Oilers : 2.
7:41 of 3rd period - Dustin Jeffrey wins face-off versus Luke Adam in neutral zone.
7:50 of 3rd period - Erik Gustafsson is hit by Matt Hendricks and loses puck.
8:03 of 3rd period - Shot by Luke Adam.
8:03 of 3rd period - Deflect By Matt Hendricks.
8:03 of 3rd period - Stopped by Kari Lehtonen without a rebound.
8:04 of 3rd period - Derek Roy wins face-off versus Ryan Johansen in Oilers zone.
8:04 of 3rd period - Derek Roy is hit by Devante Smith-Pelly.
8:56 of 3rd period - Jan Hejda is hit by Brian Boyle and loses puck.
9:33 of 3rd period - Shot by Brian Boyle.
9:33 of 3rd period - Stopped by Kari Lehtonen without a rebound.
9:34 of 3rd period - Radek Dvorak wins face-off versus Jarret Stoll in Oilers zone.
10:42 of 3rd period - Shot by Jochen Hecht.
10:42 of 3rd period - Shot Misses the Net.
10:55 of 3rd period - Wojtek Wolski is hit by Chris Phillips and loses puck.
11:00 of 3rd period - Shot by Ryan Johansen.
11:00 of 3rd period - Shot Blocked by Chris Phillips.
11:02 of 3rd period - Shot by Jonathon Blum.
11:02 of 3rd period - Shot Misses the Net.
11:04 of 3rd period - Shot by Devante Smith-Pelly.
11:04 of 3rd period - Goal by Devante Smith-Pelly - Kings : 1 - Oilers : 2.
11:05 of 3rd period - Brian Boyle wins face-off versus Derek Roy in neutral zone.
11:05 of 3rd period - Vyacheslav Voynov is hit by Dany Heatley and loses puck.
11:22 of 3rd period - Shot by Brian Boyle.
11:22 of 3rd period - Stopped by Kari Lehtonen without a rebound.
11:23 of 3rd period - Matt Hendricks wins face-off versus Adam Burish in Oilers zone.
11:50 of 3rd period - Radek Dvorak is hit by Sergei Gonchar and loses puck.
11:57 of 3rd period - Shot by Nate Guenin.
11:57 of 3rd period - Shot Blocked by Sergei Gonchar.
12:01 of 3rd period - Shot by Nate Guenin.
12:01 of 3rd period - Shot Blocked by Sergei Gonchar.
13:06 of 3rd period - Jeff Schultz is hit by Brian Boyle and loses puck.
16:04 of 3rd period - Shot by Jochen Hecht.
16:04 of 3rd period - Shot Blocked by Jamie McBain.
16:36 of 3rd period - Sean ODonnell is hit by Matt Hendricks and loses puck.
16:51 of 3rd period - Shot by Nate Guenin.
16:51 of 3rd period - Stopped by Jonathan Quick with a rebound.
17:10 of 3rd period - Icing by Sergei Gonchar.
17:11 of 3rd period - Dustin Jeffrey wins face-off versus Luke Adam in Kings zone.
17:16 of 3rd period - Shot by Jed Ortmeyer.
17:16 of 3rd period - Stopped by Jonathan Quick without a rebound.
17:17 of 3rd period - Brian Boyle wins face-off versus Dustin Jeffrey in Kings zone.
17:32 of 3rd period - Lennart Petrell is hit by Vyacheslav Voynov.
18:02 of 3rd period - Icing by Chris Phillips.
18:03 of 3rd period - Dustin Jeffrey wins face-off versus Ryan Johansen in Oilers zone.
18:03 of 3rd period - Dustin Jeffrey is hit by Devante Smith-Pelly.
18:28 of 3rd period - Wojtek Wolski is hit by Nate Guenin and loses puck.
19:10 of 3rd period - Kings, Jonathan Quick is pulled from the net.
19:22 of 3rd period - Erik Condra is hit by Jakub Voracek and loses puck.
19:43 of 3rd period - Shot by Adam Burish.
19:43 of 3rd period - Shot Misses the Net.


Output by the SimonT Hockey Simulator (STHS) for Stephane Roy -- Original Page W3C XHTML 1.0 Valid
Hockey Simulator - Hockey Simulation - Hockey Manager